 Dungeon Crawl Stone Soup version 0.31-a0-844-gdc52ec4e09 (webtiles) character file.

Game seed: 2142458095039353173

439 LeprechaunX the Changeling (level 7, -11/46 HPs)
             Began as an Octopode Shapeshifter on Sept 28, 2023.
             Mangled by an ogre
             ... wielding a +0 giant spiked club
              (32 damage)
             ... on level 4 of the Dungeon.
             The game lasted 00:02:37 (2483 turns).

LeprechaunX the Changeling (Octopode Shapeshifter)  Turns: 2483, Time: 00:02:38

Health: -11/46     AC:  1    Str: 16    XL:     7   Next: 1%
Magic:  7/7        EV: 13    Int: 12    God:
Gold:   148        SH:  0    Dex: 11    Spells: 6/6 levels left

rFire   . .          .
                       - Unarmed
rCold   . . .        (no shield)
rNeg    . . .        (helmet currently unavailable)
rPois   .            (no amulet)
rElec   .            d - ring of resist corrosion
rCorr   +            f - ring of see invisible
SInv    +            s - ring of flight
Will    .....        (no ring)
Stlth   ++           (no ring)
HPRegen 0.27/turn    (no ring)
MPRegen 0.10/turn    (no ring)
                     (no ring)

%: no passive effects
@: beast-form, flying
A: beast (slay +2), almost no armour, amphibious, 8 rings, camouflage 1,
gelatinous body 1, (nimble swimmer 1), tentacles
a: Begin Untransformation


You were on level 4 of the Dungeon.
You were a hulking beast.
You visited 1 branch of the dungeon, and saw 4 of its levels.

You collected 148 gold pieces.

Inventory:

Hand Weapons
 a - a +0 sling
Missiles
 j - 2 javelins
Jewellery
 d - a ring of resist corrosion (left tentacle)
 f - a ring of see invisible (right tentacle)
 s - a ring of flight (on tentacle)
Talismans
 b - a beast talisman (active)
 c - a flux talisman
Wands
 h - a wand of polymorph (13)
 k - a wand of paralysis (9)
 l - a wand of flame (33)
Scrolls
 e - 6 scrolls of identify {unknown}
 g - 3 scrolls of enchant weapon {unknown}
 n - a scroll of noise {unknown}
 p - 4 scrolls of blinking {unknown}
 q - a scroll of teleportation {unknown}
 t - a scroll of poison {unknown}
Potions
 i - a potion of resistance
 m - 2 potions of magic {unknown}
 o - a potion of might {unknown}
 r - 2 potions of curing


   Skills:
 + Level 3.1 Fighting
 + Level 3.6 Dodging
 + Level 4.2 Unarmed Combat
 * Level 5.0 Shapeshifting


You had 6 spell levels left.
You didn't know any spells.
Your spell library contained the following spells:

 Spells                   Type           Power      Damage    Failure   Level
 Blink                    Tloc           0%         N/A       45%         2
 Ensorcelled Hibernation  Hex/Ice        0%         N/A       45%         2
 Jinxbite                 Hex            0%         N/A       45%         2
 Anguish                  Hex/Necr       0%         N/A       97%         4
 Manifold Assault         Tloc           0%         N/A       97%         4


Dungeon Overview and Level Annotations

Branches:
Dungeon (4/15)
 Temple: D:4-7

Altars:
Qazlal

Shops:
D:1 [


Innate Abilities, Weirdness & Mutations

You are a hulking beast.
Your limbs bulge with bestial killing power. (Slay +2)
You cannot wear most types of armour.
You are amphibious.
You can wear up to eight rings at the same time.
Your skin changes colour to match your surroundings (Stealth+).
Your rubbery body absorbs attacks. (AC +1, EV +1)
((You are camouflaged when in or above water. (Stealth+)))
You have tentacles for arms and can constrict up to eight enemies at once.


Message History

No target in view!
No target in view!
No target in view!
Found a stone staircase leading down.
An ogre comes into view. It is wielding a +0 giant spiked club.
An ogre is nearby!
An ogre is nearby!
Found 10 gold pieces.
The ogre hits you with a +0 giant spiked club!!
Ouch! That really hurt!
You hear a shout!
You are too injured to fight recklessly!
You are too injured to fight recklessly!
You are too injured to fight recklessly!
You are too injured to fight recklessly!
You are too injured to fight recklessly!
You are too injured to fight recklessly!
You are too injured to fight recklessly!
You are too injured to fight recklessly!
You are too injured to fight recklessly!
You are too injured to fight recklessly!
You are too injured to fight recklessly!
You are too injured to fight recklessly!
You are too injured to fight recklessly!
You are too injured to fight recklessly!
You are too injured to fight recklessly!
You are too injured to fight recklessly!
You are too injured to fight recklessly!
Unknown command.
You barely miss the ogre. You tentacle-slap the ogre. You squeeze the ogre!
The ogre is heavily wounded.
The ogre barely misses you.
You bludgeon the ogre!
The ogre is severely wounded.
You tentacle-slap the ogre. You squeeze the ogre.
The ogre is almost dead.
The ogre hits you with a +0 giant spiked club!!
Ouch! That really hurt!
You die...

# #.#.## #
##.....######.#
$..^.?Oh..>...#
.....#.###.##.#
### #. #.# ..
#.# ### #.# #.#
# ########.## #
#.........# #
#.........#


You could see an ogre.

Vanquished Creatures
  Eustachio (D:4)
  A howler monkey (D:4)
  A hound (D:4)
  Jessica (D:2)
  Ijyb (D:3)
  Natasha (thrice) (D:2)
  4 adders
  2 worms
  4 dart slugs
  2 orcs
  8 bats
  2 endoplasms
  A giant cockroach (D:2)
  A goblin (D:1)
  5 hobgoblins
  4 jackals (D:1)
  5 quokkas
  A ball python (D:2)
  A frilled lizard (D:3)
  5 kobolds
  6 rats
59 creatures vanquished.

Notes
Turn   | Place    | Note
-------+----------+-------------------------------------------
     0 | D:1      | LeprechaunX the Octopode Shapeshifter began the quest for
                  | the Orb.
     0 | D:1      | Reached XP level 1. HP: 13/13 MP: 1/1
   207 | D:1      | Reached XP level 2. HP: 15/18 MP: 2/2
   537 | D:1      | Found Suocau Vuirch's Antique Armour Emporium.
   623 | D:2      | Found a stormy altar of Qazlal.
   698 | D:2      | Reached XP level 3. HP: 23/23 MP: 3/3
   840 | D:2      | Noticed Jessica
   850 | D:2      | Killed Jessica
   851 | D:2      | Reached XP level 4. HP: 20/29 MP: 4/4
   890 | D:2      | Noticed Natasha
   902 | D:2      | Killed Natasha
  1107 | D:2      | Noticed Natasha
  1112 | D:2      | Killed Natasha
  1113 | D:2      | Reached skill level 4 in Shapeshifting
  1133 | D:2      | Noticed Natasha
  1138 | D:2      | Killed Natasha
  1139 | D:2      | Reached XP level 5. HP: 20/34 MP: 5/5
  1619 | D:3      | HP: 1/35 [poisoned by an adder]
  1937 | D:3      | Noticed Ijyb
  1938 | D:3      | Paralysed by Ijyb for 4 turns
  1957 | D:3      | Paralysed by Ijyb for 5 turns
  1963 | D:3      | Killed Ijyb
  2299 | D:4      | Reached XP level 6. HP: 39/41 MP: 6/6
  2357 | D:4      | Noticed Eustachio
  2365 | D:4      | Killed Eustachio
  2366 | D:4      | Reached skill level 5 in Shapeshifting
  2452 | D:4      | Reached XP level 7. HP: 44/46 MP: 7/7
  2483 | D:4      | Mangled by an ogre

Illustrated notes

Levels and vault maps discovered:
D:1:      dpeg_arrival_brainrot, layout_rooms, serial_shops, shop
D:2:      kennysheep_big_flooded_room, layout_basic, basic_altar, uniq_natasha,
          uniq_jessica
D:3:      layout_rooms, minmay_quadrilaterals, uniq_ijyb
D:4:      layout_basic, kennysheep_mini, corexii_hall_statues_x, uniq_eustachio

Skill      XL: |  1  2  3  4  5  6 |
---------------+-------------------+-----
Fighting       | 2 3 |  3.1
Shapeshifting  | 4 5 |  5.0
Dodging        | 3 |  3.6
Unarmed Combat | 4 |  4.2

Action                     |  1- 3 |  4- 6 |  7- 9 || total
---------------------------+-------+-------+-------++-------
  Melee: Unarmed           |    43 |    99 |     5 ||   147
         Constrict         |    12 |    19 |     1 ||    32
         Tentacles         |     8 |    19 |     2 ||    29
         Punch             |       |     4 |       ||     4
    Use: Potion            |       |     4 |       ||     4
   Stab: Sleeping          |     2 |     3 |       ||     5
 Armour: Skin              |    17 |    71 |     2 ||    90
  Dodge: Dodged            |    30 |    57 |     1 ||    88

Table legend: (Time is in decaauts)
 A = Elapsed time spent in this place.
 B = Non-inter-level travel time spent in this place.
 C = Inter-level travel time spent in this place.
 D = Time resting spent in this place.
 E = Time spent auto-exploring this place.
 F = Levels seen in this place.
 G = Mean time per level.
                   A        B        C        D        E       F      G
               +--------+--------+--------+--------+--------+-----+--------+
         Total |   2470 |   2380 |     90 |    207 |   1789 |   4 |  617.5 |
       Dungeon |   2470 |   2380 |     90 |    207 |   1789 |   4 |  617.5 |
               +--------+--------+--------+--------+--------+-----+--------+

Top non-repeatable levels by time:
     D:2: 892 daAuts
     D:3: 778 daAuts
     D:1: 613 daAuts
     D:4: 186 daAuts
